 Dungeon Crawl Stone Soup version 0.30-a0-377-g5cb311bc9f (webtiles) character file.

Game seed: 13683509929385960980

9 pokeman the Magician (level 2, 0/16 HPs)
             Began as a Deep Elf Hedge Wizard on Dec 1, 2022.
             Slain by an adder (1 damage)
             ... on level 2 of the Dungeon.
             The game lasted 00:00:49 (1019 turns).

pokeman the Magician (Deep Elf Hedge Wizard)        Turns: 1019, Time: 00:00:50

Health: 0/16       AC:  2    Str:  7    XL:     2   Next: 6%
Magic:  5/9        EV: 12    Int: 18    God:
Gold:   45         SH:  0    Dex: 14    Spells: 9/10 levels left

rFire   . . .      SeeInvis .    e - +1 short sword (venom)
rCold   . . .      Faith    .    (no shield)
rNeg    . . .      Spirit   .    b - +0 robe
rPois   .          Reflect  .    c - +0 hat
rElec   .          Harm     .    (no cloak)
rCorr   .          Rampage  .    (no gloves)
Will    .....                    (no boots)
Stlth   ++........               (no amulet)
HPRegen 0.22/turn                (no ring)
MPRegen 0.11/turn                (no ring)

@: lethally poisoned (0 -> -5), attractive
A: no striking features
a: no special abilities


You were on level 2 of the Dungeon.
You visited 1 branch of the dungeon, and saw 2 of its levels.

You collected 45 gold pieces.

Inventory:

Hand Weapons
 e - a +1 short sword of venom (weapon)
Armour
 b - a +0 robe (worn)
 c - a +0 hat (worn)
Scrolls
 a - a scroll of blinking {unknown}
 g - a scroll of magic mapping {unknown}
Potions
 d - a potion of magic


   Skills:
 + Level 0.3 Fighting
 + Level 0.3 Armour
 - Level 2.4 Dodging
 - Level 2.4 Stealth
 * Level 4.7 Spellcasting
 + Level 1.4 Conjurations
 - Level 1.1 Summonings
 - Level 1.1 Translocations


You had 9 spell levels left.
You knew the following spells:

 Your Spells              Type           Power      Damage    Failure   Level
a - Magic Dart            Conj           36%        1d4       8%          1

Your spell library contained the following spells:

 Spells                   Type           Power      Damage    Failure   Level
 Blink                    Tloc           16%        N/A       13%         2
 Call Imp                 Summ           8%         N/A       13%         2
 Slow                     Hex            16%        N/A       14%         1
 Cigotuvi's Dreadful Rot  Necr/Pois/Air  8%         N/A       21%         2
 Mephitic Cloud           Conj/Pois/Air  5%         N/A       34%         3


Dungeon Overview and Level Annotations

Branches:
Dungeon (2/15)

Altars:


Message History

Aim: a rat (heavily wounded, 100% to hit)
The magic dart hits the rat.
You kill the rat!
Casting: Magic Dart (safe; 8% risk of failure)
Confirm with . or Enter, or press ? or * to list all spells.
Aiming: Magic Dart (safe; 8% risk of failure)
Press: ? - help, Shift-Dir - straight line, f - adder
Aim: an adder (100% to hit)
The magic dart hits the adder.
The adder is moderately wounded.
Casting: Magic Dart (safe; 8% risk of failure)
Confirm with . or Enter, or press ? or * to list all spells.
Aiming: Magic Dart (safe; 8% risk of failure)
Press: ? - help, Shift-Dir - straight line, f/p - adder
Aim: an adder (moderately wounded, 100% to hit)
The magic dart hits the adder.
The adder is heavily wounded.
The adder bites you.
You are poisoned.
The adder poisons you!
Unknown command.
You barely miss the adder.
The adder is heavily wounded.
You feel sick. The adder bites you.
You are more poisoned.
The adder poisons you!
You miss the adder.
The adder is heavily wounded.
You feel sick. The adder bites you.
You barely miss the adder.
The adder is heavily wounded.
* * * LOW HITPOINT WARNING * * *
You feel sick. The adder bites you but does no damage. The adder bites you.
* * * LOW HITPOINT WARNING * * *
Unknown command.
It was a potion of attraction.
You feel attractive to monsters.
* * * LOW HITPOINT WARNING * * *
You feel sick. The adder bites you.
You die...

#########
###........
#..........
#..†.......
#..........
#..........
#..........
#..@.......
#.lS....>..
#..........
#..........
#..........
...........
............
#....##.####.


You could see an adder and a frilled lizard.

Vanquished Creatures
  2 giant cockroaches (D:1)
  A goblin (D:1)
  A quokka (D:1)
  2 ball pythons (D:1)
  3 kobolds (D:1)
  A rat (D:2)
10 creatures vanquished.

Notes
Turn   | Place    | Note
-------+----------+-------------------------------------------
     0 | D:1      | pokeman the Deep Elf Hedge Wizard began the quest for the
                  | Orb.
     0 | D:1      | Reached XP level 1. HP: 10/10 MP: 7/7
   468 | D:1      | Found a faded altar of an unknown god.
   675 | D:1      | Reached XP level 2. HP: 9/15 MP: 9/9
  1019 | D:2      | Slain by an adder

Illustrated notes

Levels and vault maps discovered:
D:1:      onia_arrival_pyramid, layout_basic,
          hellmonk_ecumenical_altar_crossroads
D:2:      layout_basic, serial_shops, shop_coins, nicolae_shop_statue_plus,
          nicolae_shop_advertising_works [nicolae_subvault_shop_adworks], shop,
          nicolae_shop_hallway_stairs

Action                   || total
-------------------------++-------
Melee: Short sword       ||    14
       Punch             ||     1
 Cast: Magic Dart        ||    20
  Use: Potion            ||     1
Armor: Robe              ||     4
Dodge: Dodged            ||     8

Table legend: (Time is in decaauts)
 A = Elapsed time spent in this place.
 B = Non-inter-level travel time spent in this place.
 C = Inter-level travel time spent in this place.
 D = Time resting spent in this place.
 E = Time spent auto-exploring this place.
 F = Levels seen in this place.
 G = Mean time per level.
                   A        B        C        D        E       F      G
               +--------+--------+--------+--------+--------+-----+--------+
         Total |   1018 |    948 |     70 |      0 |    885 |   2 |  509.0 |
       Dungeon |   1018 |    948 |     70 |      0 |    885 |   2 |  509.0 |
               +--------+--------+--------+--------+--------+-----+--------+

Top non-repeatable levels by time:
     D:1: 1010 daAuts
     D:2: 7 daAuts
